Chicago Black Hawks vs Vancouver Canucks
(R1)
Created - Saturday, June 24, 2023 at 06:30
Goals
|
| Chicago Black Hawks |
0 |
0 |
3 |
3 |
| Vancouver Canucks |
0 |
0 |
4 |
4 |
|
Shots
|
| Chicago Black Hawks |
5 |
4 |
15 |
24 |
| Vancouver Canucks |
12 |
5 |
15 |
32 |
|
1st period
No Goal
Penalties :
Nicolas Hague (CHI) for Holding (Minor) at 1:35, Nikolaj Ehlers (CHI) for Slashing (Minor) at 9:23
2nd period
No Goal
Penalties :
Travis Konecny (CHI) for Close Hand On Puck (Minor) at 0:44, Alex Formenton (VAN) for High sticking (Minor) at 1:21, Travis Konecny (CHI) for Holding (Minor) at 9:06, Robby Fabbri (VAN) for Holding (Minor) at 11:39
3rd period
1. Vancouver Canucks , Mikko Rantanen 47 (Clayton Keller 47, Aleksander Barkov 72) at 0:10
2. Vancouver Canucks , Kasperi Kapanen 20 (Aleksander Barkov 73, Nikita Zadorov 17) at 4:38
3. Vancouver Canucks , Mikko Rantanen 48 (Clayton Keller 48, Noah Hanifin 25) at 5:33
4. Chicago Black Hawks , Travis Konecny 29 (Chris Kreider 31) at 9:26
5. Chicago Black Hawks , Matt Duchene 37 (Matthew Tkachuk 32, Steven Stamkos 57) at 9:44
6. Vancouver Canucks , Aleksander Barkov 31 (Noah Hanifin 26) at 15:28 (SH)
7. Chicago Black Hawks , Vladimir Tarasenko 16 (Matt Duchene 48, Steven Stamkos 58) at 15:38 (PP)
Penalties :
Bo Horvat (CHI) for Interference (Minor) at 5:42, Nathan Smith (VAN) for Hooking (Minor) at 12:39, Nikita Zadorov (VAN) for Interference (Minor) at 13:45, Seth Jones (CHI) for Holding (Minor) at 16:23
Goalie Stats
Ilya Sorokin (CHI), 28 saves from 32 shots - (0.875), L, 37-19-5, 59:10 minutes
Ville Husso (VAN), 21 saves from 24 shots - (0.875), W, 20-16-5, 60:00 minutes
Players Stats for Chicago Black Hawks
Player Name G A P +/- PIM S H SB GA TA FO MP PP MP PK MP
------------------------------------------------------------------------------------
Bo Horvat 0 0 0 0 2 1 1 0 1 0 8/16 14:53 2:08 0:41
Brent Burns 0 0 0 1 0 2 1 0 0 0 0/0 22:11 2:54 3:41
Bryan Rust 0 0 0 -1 0 0 1 0 0 0 0/0 4:51 0:00 0:00
Chris Kreider 0 1 1 0 0 2 0 0 1 0 0/1 18:09 2:08 4:19
Devon Toews 0 0 0 -2 0 1 2 3 0 0 0/0 25:02 2:04 6:40
Lawson Crouse 0 0 0 -1 0 1 2 0 1 1 0/0 11:36 0:37 6:02
Matt Duchene 1 1 2 0 0 2 2 1 0 0 0/1 18:15 2:50 0:00
Matthew Tkachuk 0 1 1 -1 0 1 1 0 0 0 0/0 19:21 2:08 0:33
Mikhail Sergachev 0 0 0 0 0 0 1 1 0 0 0/0 20:59 2:04 4:03
Nicolas Hague 0 0 0 -1 2 0 1 1 0 1 0/0 14:16 0:37 1:00
Nikolaj Ehlers 0 0 0 -1 2 0 2 1 0 0 0/0 10:03 0:00 0:00
Phillip Danault 0 0 0 -1 0 2 1 0 0 0 3/11 13:44 0:00 3:16
Pius Suter 0 0 0 -1 0 0 2 1 0 0 8/12 11:06 0:00 6:02
Rasmus Andersson 0 0 0 -1 0 0 0 3 1 0 0/0 12:18 0:00 0:00
Seth Jones 0 0 0 -1 2 2 2 0 0 1 0/0 25:31 3:31 5:40
Steven Stamkos 0 2 2 0 0 3 0 0 0 0 12/21 19:19 2:50 0:00
Travis Konecny 1 0 1 1 4 3 2 1 0 1 0/0 12:19 0:37 0:11
Vladimir Tarasenko 1 0 1 -1 0 4 2 0 2 0 0/1 14:07 3:27 0:00
Players Stats for Vancouver Canucks
Player Name G A P +/- PIM S H SB GA TA FO MP PP MP PK MP
------------------------------------------------------------------------------------
Adam Boqvist 0 0 0 0 0 3 0 1 0 0 0/0 19:49 5:31 2:28
Aleksander Barkov 1 2 3 3 0 5 0 0 0 0 18/37 23:57 5:54 1:13
Alex Formenton 0 0 0 0 2 1 1 0 2 2 1/1 15:33 4:27 2:40
Anton Lundell 0 0 0 -1 0 1 2 1 0 0 6/10 13:51 0:25 0:00
Artturi Lehkonen 0 0 0 -1 0 4 2 1 0 0 0/0 13:18 0:19 0:00
Casey Mittelstadt 0 0 0 0 0 1 3 0 2 0 2/5 11:02 2:34 0:57
Clayton Keller 0 2 2 2 0 3 2 0 0 0 2/3 23:37 6:04 1:43
Jake Bean 0 0 0 0 0 0 0 1 0 1 0/0 5:24 2:05 0:00
Jesperi Kotkaniemi 0 0 0 1 0 2 0 0 0 1 0/0 10:42 1:39 0:45
Kasperi Kapanen 1 0 1 1 0 4 2 1 0 0 0/0 11:57 4:28 0:00
Mikko Rantanen 2 0 2 1 0 4 2 0 0 0 2/3 23:07 5:45 2:54
Miro Heiskanen 0 0 0 1 0 2 1 0 0 0 0/0 31:24 6:03 3:32
Nathan Smith 0 0 0 0 2 0 1 1 0 0 1/2 6:53 0:00 0:05
Nikita Zadorov 0 1 1 0 2 0 1 0 0 0 0/0 24:00 4:50 1:45
Noah Hanifin 0 2 2 2 0 0 1 2 0 0 0/0 21:55 2:13 2:08
Olli Maatta 0 0 0 1 0 0 0 0 0 1 0/0 15:46 0:22 1:16
Robby Fabbri 0 0 0 -1 2 1 0 0 0 1 0/0 13:02 0:00 0:00
Taylor Raddysh 0 0 0 0 0 1 0 0 0 0 0/2 6:49 0:00 0:00
3 Stars
1 - Aleksander Barkov (VAN)
2 - Mikko Rantanen (VAN)
3 - Clayton Keller (VAN)
Power Play
Chicago Black Hawks - 1 on 4 Attempt(s) - 25.00%
Vancouver Canucks - 0 on 6 Attempt(s) - 0.00%
Penalty Kill
Chicago Black Hawks - 6 on 6 Attempt(s) - 100.00%
- Score 0 goal in Penalty Kill
Vancouver Canucks - 3 on 4 Attempt(s) - 75.00%
- Score 1 goal in Penalty Kill
Team Stat
Chicago Black Hawks - Hits : 23 - Faceoff Wins : 31 - Blocked Shots : 12 - Penalty Minutes : 12
Vancouver Canucks - Hits : 18 - Faceoff Wins : 32 - Blocked Shots : 8 - Penalty Minutes : 8
Official
Referees : Brad Meier and Greg Kimmerly
Linesman : Derek Amell and Steve Barton
Game Notes
Jake Bean is injured at 18:26 of 1st period (Strained Left Knee)
Casey Mittelstadt is injured at 18:17 of 2nd period (Strained Right Knee)
15:38 of 3rd period - Chicago Black Hawks goal is going for a video replay. After video review, Goal.
Finance
Level 1 -- Attendance: 5114 (85.23%) -- Ticket Income $506,286
Level 2 -- Attendance: 3660 (73.20%) -- Ticket Income $215,940
Level 3 -- Attendance: 2603 (86.77%) -- Ticket Income $88,502
Level 4 -- Attendance: 3913 (78.26%) -- Ticket Income $93,912
Luxury Box -- Attendance: 734 (73.40%) -- Ticket Income $146,066
Game was played at the American Airlines Center.
Total Attendance: 16024 (80.12%)
Total Ticket Income: $1,050,706
Other Income: $367,747
Total Income: $1,418,453
Chicago Black Hawks
5 vs 5 Forward
Center Left Wing Right Wing Time % Phy DF OF
1 Steven Stamkos Matt Duchene Matthew Tkachuk 40 0 1 4
2 Bo Horvat Travis Konecny Chris Kreider 30 1 1 3
3 Phillip Danault Nikolaj Ehlers Vladimir Tarasenko 20 0 2 3
4 Pius Suter Bryan Rust Lawson Crouse 10 0 3 2
5 vs 5 Defense
Defense Defense Time % Phy DF OF
1 Brent Burns Mikhail Sergachev 35 0 3 2
2 Seth Jones Devon Toews 35 0 3 2
3 Rasmus Andersson Nicolas Hague 30 0 4 1
4 Devon Toews Rasmus Andersson 0 0 2 3
PowerPlay Forward
Center Left Wing Right Wing Time % Phy DF OF
1 Steven Stamkos Vladimir Tarasenko Matt Duchene 60 0 0 5
2 Bo Horvat Matthew Tkachuk Chris Kreider 40 0 0 5
PowerPlay Defense
Defense Defense Time % Phy DF OF
1 Brent Burns Seth Jones 60 0 0 5
2 Devon Toews Mikhail Sergachev 40 0 0 5
Penalty Kill 4 Players Forward
Center Wing Time % Phy DF OF
1 Pius Suter Lawson Crouse 60 0 5 0
2 Phillip Danault Chris Kreider 40 0 5 0
Penalty Kill 4 Players Defense
Defense Defense Time % Phy DF OF
1 Devon Toews Seth Jones 60 0 5 0
2 Brent Burns Mikhail Sergachev 40 0 5 0
Penalty Kill - 3 Players Forward
Forward Time % Phy DF OF
1 Pius Suter 60 0 5 0
2 Phillip Danault 40 0 5 0
Penalty Kill - 3 Players Defense
Defense Defense Time % Phy DF OF
1 Seth Jones Mikhail Sergachev 60 0 5 0
2 Devon Toews Nicolas Hague 40 0 5 0
4 vs 4 Forward
Center Wing Time % Phy DF OF
1 Phillip Danault Nikolaj Ehlers 60 0 2 3
2 Bo Horvat Bryan Rust 40 0 2 3
4 vs 4 Defense
Defense Defense Time % Phy DF OF
1 Nicolas Hague Seth Jones 60 0 4 1
2 Devon Toews Brent Burns 40 0 2 3
Last Minutes Offensive
Center Left Wing Right Wing Defense Defense
Steven Stamkos Vladimir Tarasenko Matthew Tkachuk Brent Burns Devon Toews
Last Minutes Defensive
Center Left Wing Right Wing Defense Defense
Pius Suter Lawson Crouse Phillip Danault Seth Jones Brent Burns
Goaltenders
Starting : Ilya Sorokin
Backup : Jordan Binnington
Extra Forwards
Normal : Lawson Crouse, Vladimir Tarasenko, Phillip Danault - PP : Bo Horvat, Nikolaj Ehlers - PK : Bo Horvat
Extra Defensemen
Normal : Seth Jones, Nicolas Hague, Devon Toews - PP : Seth Jones - PK : Nicolas Hague, Devon Toews
Penalty Shots
Phillip Danault, Matt Duchene, Devon Toews, Bo Horvat, Pius Suter
Vancouver Canucks
5 vs 5 Forward
Center Left Wing Right Wing Time % Phy DF OF
1 Aleksander Barkov Clayton Keller Mikko Rantanen 40 1 2 2
2 Anton Lundell Robby Fabbri Artturi Lehkonen 30 1 2 2
3 Casey Mittelstadt Jesperi Kotkaniemi Kasperi Kapanen 20 1 2 2
4 Nathan Smith Alex Formenton Taylor Raddysh 10 1 2 2
5 vs 5 Defense
Defense Defense Time % Phy DF OF
1 Noah Hanifin Miro Heiskanen 40 1 2 2
2 Nikita Zadorov Olli Maatta 30 1 2 2
3 Jake Bean Adam Boqvist 20 1 2 2
4 Nikita Zadorov Miro Heiskanen 10 1 2 2
PowerPlay Forward
Center Left Wing Right Wing Time % Phy DF OF
1 Aleksander Barkov Clayton Keller Mikko Rantanen 60 1 2 2
2 Casey Mittelstadt Kasperi Kapanen Alex Formenton 40 1 2 2
PowerPlay Defense
Defense Defense Time % Phy DF OF
1 Adam Boqvist Miro Heiskanen 60 1 2 2
2 Nikita Zadorov Jake Bean 40 1 2 2
Penalty Kill 4 Players Forward
Center Wing Time % Phy DF OF
1 Mikko Rantanen Alex Formenton 60 1 2 2
2 Aleksander Barkov Clayton Keller 40 1 2 2
Penalty Kill 4 Players Defense
Defense Defense Time % Phy DF OF
1 Jake Bean Miro Heiskanen 60 1 2 2
2 Adam Boqvist Nikita Zadorov 40 1 2 2
Penalty Kill - 3 Players Forward
Forward Time % Phy DF OF
1 Clayton Keller 60 1 2 2
2 Aleksander Barkov 40 1 2 2
Penalty Kill - 3 Players Defense
Defense Defense Time % Phy DF OF
1 Adam Boqvist Nikita Zadorov 60 1 2 2
2 Jake Bean Miro Heiskanen 40 1 2 2
4 vs 4 Forward
Center Wing Time % Phy DF OF
1 Aleksander Barkov Mikko Rantanen 60 1 2 2
2 Alex Formenton Clayton Keller 40 1 2 2
4 vs 4 Defense
Defense Defense Time % Phy DF OF
1 Nikita Zadorov Jake Bean 60 1 2 2
2 Adam Boqvist Miro Heiskanen 40 1 2 2
Last Minutes Offensive
Center Left Wing Right Wing Defense Defense
Aleksander Barkov Clayton Keller Mikko Rantanen Jake Bean Miro Heiskanen
Last Minutes Defensive
Center Left Wing Right Wing Defense Defense
Aleksander Barkov Alex Formenton Clayton Keller Jake Bean Miro Heiskanen
Goaltenders
Starting : Ville Husso
Backup : Joonas Korpisalo
Extra Forwards
Normal : Aleksander Barkov, Mikko Rantanen, Clayton Keller - PP : Aleksander Barkov, Kasperi Kapanen - PK : Aleksander Barkov
Extra Defensemen
Normal : Nikita Zadorov, Jake Bean, Adam Boqvist - PP : Nikita Zadorov - PK : Nikita Zadorov, Adam Boqvist
Penalty Shots
Aleksander Barkov, Mikko Rantanen, Kasperi Kapanen, Clayton Keller, Alex Formenton
% Time on Ice - Chicago Black Hawks
Lines # - Real PCT - Wanted PCT - Time Play
Normal Forward
1 - 40% - 40% - 16:43
2 - 27% - 30% - 11:00
3 - 22% - 20% - 9:14
4 - 11% - 10% - 4:30
Normal Defense
1 - 34% - 35% - 14:13
2 - 34% - 35% - 14:02
3 - 29% - 30% - 11:51
4 - 3% - 0% - 1:21
PP Forward
1 - 62% - 60% - 3:27
2 - 38% - 40% - 2:08
PP Defense
1 - 63% - 60% - 3:31
2 - 37% - 40% - 2:04
PK Forward
1 - 69% - 60% - 7:16
2 - 31% - 40% - 3:16
PK Defense
1 - 67% - 60% - 7:04
2 - 33% - 40% - 3:28
PK3 Forward
1 - 0% - 60%
2 - 0% - 40%
PK3 Defense
1 - 0% - 60%
2 - 0% - 40%
44 Forward
1 - 74% - 60% - 1:01
2 - 26% - 40% - 0:21
44 Defense
1 - 51% - 60% - 0:42
2 - 49% - 40% - 0:40
Last Minute Offensive - 1:04
Last Minute Defensive - 0:00
Total
Forward - 60:00
Defense - 60:00
|
% Time on Ice - Vancouver Canucks
Lines # - Real PCT - Wanted PCT - Time Play
Normal Forward
1 - 34% - 40% - 14:07
2 - 31% - 30% - 13:01
3 - 18% - 20% - 7:27
4 - 16% - 10% - 6:49
Normal Defense
1 - 37% - 40% - 15:09
2 - 32% - 30% - 13:11
3 - 26% - 20% - 10:51
4 - 5% - 10% - 2:13
PP Forward
1 - 55% - 60% - 5:45
2 - 45% - 40% - 4:47
PP Defense
1 - 44% - 60% - 4:37
2 - 56% - 40% - 5:55
PK Forward
1 - 85% - 60% - 4:00
2 - 15% - 40% - 0:42
PK Defense
1 - 100% - 60% - 4:42
2 - 0% - 40% - 0:00
PK3 Forward
1 - 79% - 60% - 0:42
2 - 21% - 40% - 0:11
PK3 Defense
1 - 100% - 60% - 0:53
2 - 0% - 40% - 0:00
44 Forward
1 - 72% - 60% - 0:59
2 - 28% - 40% - 0:23
44 Defense
1 - 100% - 60% - 1:22
2 - 0% - 40% - 0:00
Last Minute Offensive - 0:00
Last Minute Defensive - 1:07
Total
Forward - 60:00
Defense - 60:00
|
Play-by-Play
1st period
0:01 of 1st period - Steven Stamkos wins face-off versus Aleksander Barkov in neutral zone.
0:40 of 1st period - Slapshot by Matthew Tkachuk.
0:40 of 1st period - Deflect By Steven Stamkos.
0:40 of 1st period - Stopped by Ville Husso without a rebound.
0:41 of 1st period - Anton Lundell wins face-off versus Bo Horvat in Vancouver Canucks zone.
0:52 of 1st period - Wrist shot by Anton Lundell.
0:52 of 1st period - Stopped by Ilya Sorokin without a rebound.
0:53 of 1st period - Phillip Danault wins face-off versus Nathan Smith in Chicago Black Hawks zone.
1:35 of 1st period - Minor Penalty to Nicolas Hague for Holding.
1:36 of 1st period - Aleksander Barkov wins face-off versus Pius Suter in Chicago Black Hawks zone.
1:43 of 1st period - Slapshot by Aleksander Barkov.
1:43 of 1st period - Stopped by Ilya Sorokin without a rebound.
1:44 of 1st period - Pius Suter wins face-off versus Aleksander Barkov in Chicago Black Hawks zone.
2:36 of 1st period - Aleksander Barkov is hit by Pius Suter.
2:45 of 1st period - Off-side.
2:46 of 1st period - Pius Suter wins face-off versus Casey Mittelstadt in neutral zone.
3:35 of 1st period - Penalty to Nicolas Hague is over, Nicolas Hague is back on ice.
3:39 of 1st period - Snap shot by Steven Stamkos.
3:39 of 1st period - Shot Blocked by Anton Lundell.
4:26 of 1st period - Wrist shot by Jesperi Kotkaniemi.
4:26 of 1st period - Stopped by Ilya Sorokin without a rebound.
4:27 of 1st period - Steven Stamkos wins face-off versus Casey Mittelstadt in Chicago Black Hawks zone.
4:56 of 1st period - Off-side.
4:57 of 1st period - Aleksander Barkov wins face-off versus Pius Suter in neutral zone.
5:26 of 1st period - Wrist shot by Chris Kreider.
5:26 of 1st period - Shot Misses the Net.
5:28 of 1st period - Slapshot by Chris Kreider.
5:28 of 1st period - Shot Misses the Net.
5:30 of 1st period - Slapshot by Brent Burns.
5:30 of 1st period - Shot Blocked by Artturi Lehkonen.
5:40 of 1st period - Wrist shot by Alex Formenton.
5:40 of 1st period - Stopped by Ilya Sorokin without a rebound.
5:41 of 1st period - Nathan Smith wins face-off versus Steven Stamkos in Chicago Black Hawks zone.
6:37 of 1st period - Off-side.
6:38 of 1st period - Aleksander Barkov wins face-off versus Phillip Danault in neutral zone.
7:07 of 1st period - Slapshot by Artturi Lehkonen.
7:07 of 1st period - Stopped by Ilya Sorokin without a rebound.
7:08 of 1st period - Bo Horvat wins face-off versus Anton Lundell in Chicago Black Hawks zone.
7:17 of 1st period - Wrist shot by Artturi Lehkonen.
7:17 of 1st period - Shot Blocked by Devon Toews.
7:19 of 1st period - Slapshot by Noah Hanifin.
7:19 of 1st period - Shot Blocked by Devon Toews.
7:25 of 1st period - Snap shot by Artturi Lehkonen.
7:25 of 1st period - Shot Misses the Net.
7:27 of 1st period - Wrist shot by Anton Lundell.
7:27 of 1st period - Shot Misses the Net.
7:31 of 1st period - Wrist shot by Anton Lundell.
7:31 of 1st period - Deflect By Robby Fabbri.
7:31 of 1st period - Shot Misses the Net.
7:31 of 1st period - Puck is out of play.
7:32 of 1st period - Clayton Keller wins face-off versus Phillip Danault in Chicago Black Hawks zone.
7:45 of 1st period - Snap shot by Aleksander Barkov.
7:45 of 1st period - Stopped by Ilya Sorokin with a rebound.
7:59 of 1st period - Casey Mittelstadt is hit by Matthew Tkachuk.
8:27 of 1st period - Wrist shot by Robby Fabbri.
8:27 of 1st period - Stopped by Ilya Sorokin without a rebound.
8:28 of 1st period - Aleksander Barkov wins face-off versus Matt Duchene in Chicago Black Hawks zone.
8:55 of 1st period - Chris Kreider is hit by Anton Lundell and loses puck.
9:23 of 1st period - Minor Penalty to Nikolaj Ehlers for Slashing.
9:24 of 1st period - Aleksander Barkov wins face-off versus Pius Suter in Chicago Black Hawks zone.
9:38 of 1st period - Snap shot by Clayton Keller.
9:38 of 1st period - Deflect By Mikko Rantanen.
9:38 of 1st period - Shot Misses the Net.
9:38 of 1st period - Puck is out of play.
9:39 of 1st period - Pius Suter wins face-off versus Aleksander Barkov in Chicago Black Hawks zone.
11:06 of 1st period - Nikita Zadorov is hit by Devon Toews.
11:23 of 1st period - Penalty to Nikolaj Ehlers is over, Nikolaj Ehlers is back on ice.
11:38 of 1st period - Slapshot by Steven Stamkos.
11:38 of 1st period - Shot Misses the Net.
12:30 of 1st period - Nikita Zadorov is hit by Pius Suter and loses puck.
12:53 of 1st period - Alex Formenton is hit by Nicolas Hague and loses puck.
13:17 of 1st period - Jesperi Kotkaniemi is hit by Brent Burns and loses puck.
13:46 of 1st period - Off-side.
13:47 of 1st period - Pius Suter wins face-off versus Casey Mittelstadt in neutral zone.
13:52 of 1st period - Devon Toews is hit by Kasperi Kapanen and loses puck.
14:17 of 1st period - Wrist shot by Chris Kreider.
14:17 of 1st period - Shot Misses the Net.
14:31 of 1st period - Slapshot by Artturi Lehkonen.
14:31 of 1st period - Stopped by Ilya Sorokin with a rebound.
14:33 of 1st period - Wrist shot by Anton Lundell.
14:33 of 1st period - Shot Blocked by Matt Duchene.
14:35 of 1st period - Slapshot by Adam Boqvist.
14:35 of 1st period - Stopped by Ilya Sorokin without a rebound.
14:36 of 1st period - Steven Stamkos wins face-off versus Aleksander Barkov in Chicago Black Hawks zone.
14:43 of 1st period - Wrist shot by Matthew Tkachuk.
14:43 of 1st period - Shot Misses the Net.
14:51 of 1st period - Wrist shot by Aleksander Barkov.
14:51 of 1st period - Shot Blocked by Rasmus Andersson.
15:06 of 1st period - Wrist shot by Artturi Lehkonen.
15:06 of 1st period - Stopped by Ilya Sorokin with a rebound.
15:20 of 1st period - Slapshot by Nikolaj Ehlers.
15:20 of 1st period - Shot Misses the Net.
15:22 of 1st period - Snap shot by Phillip Danault.
15:22 of 1st period - Stopped by Ville Husso without a rebound.
15:23 of 1st period - Casey Mittelstadt wins face-off versus Phillip Danault in Vancouver Canucks zone.
15:23 of 1st period - Casey Mittelstadt is hit by Seth Jones.
15:29 of 1st period - Vladimir Tarasenko is hit by Casey Mittelstadt and loses puck.
15:38 of 1st period - Slapshot by Casey Mittelstadt.
15:38 of 1st period - Stopped by Ilya Sorokin without a rebound.
15:39 of 1st period - Aleksander Barkov wins face-off versus Steven Stamkos in Chicago Black Hawks zone.
16:37 of 1st period - Adam Boqvist is hit by Vladimir Tarasenko and loses puck.
16:54 of 1st period - Slapshot by Lawson Crouse.
16:54 of 1st period - Stopped by Ville Husso without a rebound.
16:55 of 1st period - Pius Suter wins face-off versus Taylor Raddysh in Vancouver Canucks zone.
17:08 of 1st period - Wrist shot by Taylor Raddysh.
17:08 of 1st period - Stopped by Ilya Sorokin with a rebound.
17:55 of 1st period - Slapshot by Artturi Lehkonen.
17:55 of 1st period - Shot Blocked by Rasmus Andersson.
18:26 of 1st period - Wrist shot by Pius Suter.
18:26 of 1st period - Shot Blocked by Jake Bean.
18:26 of 1st period - Jake Bean from Vancouver Canucks is injured at 18:26 of 1st period (Strained Left Knee).
18:27 of 1st period - Steven Stamkos wins face-off versus Aleksander Barkov in Vancouver Canucks zone.
18:42 of 1st period - Slapshot by Matthew Tkachuk.
18:42 of 1st period - Shot Misses the Net.
18:44 of 1st period - Slapshot by Brent Burns.
18:44 of 1st period - Stopped by Ville Husso with a rebound.
19:23 of 1st period - Wrist shot by Chris Kreider.
19:23 of 1st period - Stopped by Ville Husso without a rebound.
19:24 of 1st period - Aleksander Barkov wins face-off versus Phillip Danault in Vancouver Canucks zone.
19:42 of 1st period - Phillip Danault is hit by Clayton Keller and loses puck.
Goals for this period are 0 for Chicago Black Hawks vs 0 for Vancouver Canucks.
Shots for this period are 5 for Chicago Black Hawks vs 12 for Vancouver Canucks.
2nd period
0:01 of 2nd period - Steven Stamkos wins face-off versus Aleksander Barkov in neutral zone.
0:04 of 2nd period - Wrist shot by Matthew Tkachuk.
0:04 of 2nd period - Shot Misses the Net.
0:14 of 2nd period - Wrist shot by Clayton Keller.
0:14 of 2nd period - Shot Blocked by Devon Toews.
0:26 of 2nd period - Wrist shot by Kasperi Kapanen.
0:26 of 2nd period - Stopped by Ilya Sorokin with a rebound.
0:35 of 2nd period - Slapshot by Seth Jones.
0:35 of 2nd period - Stopped by Ville Husso with a rebound.
0:37 of 2nd period - Wrist shot by Matt Duchene.
0:37 of 2nd period - Stopped by Ville Husso without a rebound.
0:38 of 2nd period - Aleksander Barkov wins face-off versus Bo Horvat in Vancouver Canucks zone.
0:44 of 2nd period - Minor Penalty to Travis Konecny for Close Hand On Puck.
0:45 of 2nd period - Pius Suter wins face-off versus Aleksander Barkov in Chicago Black Hawks zone.
1:21 of 2nd period - Minor Penalty to Alex Formenton for High sticking.
1:22 of 2nd period - Aleksander Barkov wins face-off versus Phillip Danault in Vancouver Canucks zone.
1:32 of 2nd period - Wrist shot by Aleksander Barkov.
1:32 of 2nd period - Shot Blocked by Nikolaj Ehlers.
2:12 of 2nd period - Snap shot by Bryan Rust.
2:12 of 2nd period - Shot Misses the Net.
2:18 of 2nd period - Bo Horvat is hit by Clayton Keller and loses puck.
2:41 of 2nd period - Slapshot by Vladimir Tarasenko.
2:41 of 2nd period - Shot Misses the Net.
2:44 of 2nd period - Penalty to Travis Konecny is over, Travis Konecny is back on ice.
2:53 of 2nd period - Nicolas Hague is hit by Casey Mittelstadt and loses puck.
3:21 of 2nd period - Penalty to Alex Formenton is over, Alex Formenton is back on ice.
3:49 of 2nd period - Snap shot by Clayton Keller.
3:49 of 2nd period - Stopped by Ilya Sorokin with a rebound.
3:51 of 2nd period - Slapshot by Alex Formenton.
3:51 of 2nd period - Deflect By Clayton Keller.
3:51 of 2nd period - Stopped by Ilya Sorokin without a rebound.
3:52 of 2nd period - Steven Stamkos wins face-off versus Anton Lundell in Chicago Black Hawks zone.
4:19 of 2nd period - Miro Heiskanen is hit by Mikhail Sergachev and loses puck.
4:26 of 2nd period - Slapshot by Nikita Zadorov.
4:26 of 2nd period - Shot Misses the Net.
5:14 of 2nd period - Robby Fabbri is hit by Nikolaj Ehlers and loses puck.
5:40 of 2nd period - Snap shot by Alex Formenton.
5:40 of 2nd period - Shot Misses the Net.
5:55 of 2nd period - Steven Stamkos is hit by Mikko Rantanen and loses puck.
6:42 of 2nd period - Alex Formenton is hit by Lawson Crouse and loses puck.
7:03 of 2nd period - Wrist shot by Clayton Keller.
7:03 of 2nd period - Shot Blocked by Nicolas Hague.
7:17 of 2nd period - Slapshot by Vladimir Tarasenko.
7:17 of 2nd period - Stopped by Ville Husso with a rebound.
7:19 of 2nd period - Wrist shot by Nikolaj Ehlers.
7:19 of 2nd period - Deflect By Phillip Danault.
7:19 of 2nd period - Shot Misses the Net.
7:19 of 2nd period - Puck is out of play.
7:20 of 2nd period - Casey Mittelstadt wins face-off versus Phillip Danault in Vancouver Canucks zone.
7:47 of 2nd period - Clayton Keller is hit by Bo Horvat and loses puck.
7:54 of 2nd period - Clayton Keller is hit by Seth Jones and loses puck.
8:17 of 2nd period - Steven Stamkos is hit by Nikita Zadorov and loses puck.
8:30 of 2nd period - Adam Boqvist is hit by Bryan Rust and loses puck.
8:35 of 2nd period - Snap shot by Bryan Rust.
8:35 of 2nd period - Shot Blocked by Adam Boqvist.
8:37 of 2nd period - Wrist shot by Lawson Crouse.
8:37 of 2nd period - Shot Misses the Net.
8:51 of 2nd period - Brent Burns is hit by Casey Mittelstadt and loses puck.
8:58 of 2nd period - Casey Mittelstadt is hit by Nikolaj Ehlers.
9:06 of 2nd period - Minor Penalty to Travis Konecny for Holding.
9:07 of 2nd period - Pius Suter wins face-off versus Clayton Keller in Chicago Black Hawks zone.
9:40 of 2nd period - Snap shot by Kasperi Kapanen.
9:40 of 2nd period - Stopped by Ilya Sorokin without a rebound.
9:41 of 2nd period - Phillip Danault wins face-off versus Aleksander Barkov in Chicago Black Hawks zone.
11:06 of 2nd period - Penalty to Travis Konecny is over, Travis Konecny is back on ice.
11:30 of 2nd period - Brent Burns is hit by Artturi Lehkonen and loses puck.
11:39 of 2nd period - Minor Penalty to Robby Fabbri for Holding.
11:40 of 2nd period - Alex Formenton wins face-off versus Steven Stamkos in Vancouver Canucks zone.
11:40 of 2nd period - Alex Formenton is hit by Vladimir Tarasenko.
13:39 of 2nd period - Penalty to Robby Fabbri is over, Robby Fabbri is back on ice.
15:54 of 2nd period - Phillip Danault is hit by Anton Lundell and loses puck.
16:09 of 2nd period - Aleksander Barkov is hit by Lawson Crouse.
17:32 of 2nd period - Matthew Tkachuk is hit by Kasperi Kapanen and loses puck.
18:16 of 2nd period - Casey Mittelstadt is hit by Travis Konecny and loses puck.
18:17 of 2nd period - Casey Mittelstadt from Vancouver Canucks is injured at 18:17 of 2nd period (Strained Right Knee).
18:18 of 2nd period - Bo Horvat wins face-off versus Aleksander Barkov in Vancouver Canucks zone.
18:19 of 2nd period - Wrist shot by Travis Konecny.
18:19 of 2nd period - Stopped by Ville Husso without a rebound.
18:20 of 2nd period - Bo Horvat wins face-off versus Aleksander Barkov in Vancouver Canucks zone.
19:36 of 2nd period - Wrist shot by Kasperi Kapanen.
19:36 of 2nd period - Stopped by Ilya Sorokin with a rebound.
Goals for this period are 0 for Chicago Black Hawks vs 0 for Vancouver Canucks.
Shots for this period are 4 for Chicago Black Hawks vs 5 for Vancouver Canucks.
3rd period
0:01 of 3rd period - Aleksander Barkov wins face-off versus Steven Stamkos in neutral zone.
0:08 of 3rd period - Wrist shot by Mikko Rantanen.
0:08 of 3rd period - Deflect By Clayton Keller.
0:08 of 3rd period - Stopped by Ilya Sorokin with a rebound.
0:10 of 3rd period - Snap shot by Mikko Rantanen.
0:10 of 3rd period - Goal by Mikko Rantanen - Chicago Black Hawks : 0 - Vancouver Canucks : 1.
0:11 of 3rd period - Steven Stamkos wins face-off versus Aleksander Barkov in neutral zone.
0:24 of 3rd period - Wrist shot by Mikko Rantanen.
0:24 of 3rd period - Stopped by Ilya Sorokin without a rebound.
0:25 of 3rd period - Bo Horvat wins face-off versus Aleksander Barkov in Chicago Black Hawks zone.
0:30 of 3rd period - Slapshot by Seth Jones.
0:30 of 3rd period - Stopped by Ville Husso with a rebound.
0:32 of 3rd period - Wrist shot by Chris Kreider.
0:32 of 3rd period - Shot Blocked by Noah Hanifin.
1:15 of 3rd period - Snap shot by Seth Jones.
1:15 of 3rd period - Shot Blocked by Kasperi Kapanen.
1:17 of 3rd period - Slapshot by Devon Toews.
1:17 of 3rd period - Stopped by Ville Husso without a rebound.
1:18 of 3rd period - Aleksander Barkov wins face-off versus Phillip Danault in Vancouver Canucks zone.
1:41 of 3rd period - Wrist shot by Phillip Danault.
1:41 of 3rd period - Stopped by Ville Husso without a rebound.
1:42 of 3rd period - Anton Lundell wins face-off versus Bo Horvat in Vancouver Canucks zone.
2:14 of 3rd period - Slapshot by Matt Duchene.
2:14 of 3rd period - Shot Misses the Net.
2:17 of 3rd period - Icing by Noah Hanifin.
2:18 of 3rd period - Aleksander Barkov wins face-off versus Steven Stamkos in Vancouver Canucks zone.
2:47 of 3rd period - Snap shot by Clayton Keller.
2:47 of 3rd period - Shot Misses the Net.
3:09 of 3rd period - Snap shot by Aleksander Barkov.
3:09 of 3rd period - Stopped by Ilya Sorokin without a rebound.
3:10 of 3rd period - Anton Lundell wins face-off versus Bo Horvat in Chicago Black Hawks zone.
3:25 of 3rd period - Snap shot by Chris Kreider.
3:25 of 3rd period - Stopped by Ville Husso with a rebound.
3:27 of 3rd period - Snap shot by Chris Kreider.
3:27 of 3rd period - Deflect By Bo Horvat.
3:27 of 3rd period - Stopped by Ville Husso without a rebound.
3:28 of 3rd period - Aleksander Barkov wins face-off versus Phillip Danault in Vancouver Canucks zone.
3:28 of 3rd period - Aleksander Barkov is hit by Phillip Danault.
3:38 of 3rd period - Wrist shot by Jesperi Kotkaniemi.
3:38 of 3rd period - Stopped by Ilya Sorokin with a rebound.
4:01 of 3rd period - Alex Formenton is hit by Travis Konecny and loses puck.
4:26 of 3rd period - Wrist shot by Matthew Tkachuk.
4:26 of 3rd period - Shot Misses the Net.
4:38 of 3rd period - Slapshot by Kasperi Kapanen.
4:38 of 3rd period - Goal by Kasperi Kapanen - Chicago Black Hawks : 0 - Vancouver Canucks : 2.
4:39 of 3rd period - Aleksander Barkov wins face-off versus Chris Kreider in neutral zone.
4:51 of 3rd period - Off-side.
4:52 of 3rd period - Steven Stamkos wins face-off versus Aleksander Barkov in neutral zone.
4:55 of 3rd period - Wrist shot by Steven Stamkos.
4:55 of 3rd period - Stopped by Ville Husso without a rebound.
4:56 of 3rd period - Steven Stamkos wins face-off versus Aleksander Barkov in Vancouver Canucks zone.
5:31 of 3rd period - Snap shot by Clayton Keller.
5:31 of 3rd period - Shot Blocked by Rasmus Andersson.
5:33 of 3rd period - Snap shot by Mikko Rantanen.
5:33 of 3rd period - Goal by Mikko Rantanen - Chicago Black Hawks : 0 - Vancouver Canucks : 3.
5:34 of 3rd period - Anton Lundell wins face-off versus Bo Horvat in neutral zone.
5:39 of 3rd period - Wrist shot by Artturi Lehkonen.
5:39 of 3rd period - Stopped by Ilya Sorokin without a rebound.
5:40 of 3rd period - Bo Horvat wins face-off versus Anton Lundell in Chicago Black Hawks zone.
5:42 of 3rd period - Minor Penalty to Bo Horvat for Interference.
5:43 of 3rd period - Aleksander Barkov wins face-off versus Pius Suter in Chicago Black Hawks zone.
5:49 of 3rd period - Snap shot by Aleksander Barkov.
5:49 of 3rd period - Shot Misses the Net.
7:42 of 3rd period - Penalty to Bo Horvat is over, Bo Horvat is back on ice.
7:57 of 3rd period - Snap shot by Travis Konecny.
7:57 of 3rd period - Shot Misses the Net.
8:09 of 3rd period - Nikolaj Ehlers is hit by Nathan Smith.
8:53 of 3rd period - Icing by Adam Boqvist.
8:54 of 3rd period - Bo Horvat wins face-off versus Aleksander Barkov in Vancouver Canucks zone.
9:02 of 3rd period - Off-side.
9:03 of 3rd period - Bo Horvat wins face-off versus Taylor Raddysh in neutral zone.
9:16 of 3rd period - Wrist shot by Travis Konecny.
9:16 of 3rd period - Shot Blocked by Nathan Smith.
9:26 of 3rd period - Snap shot by Travis Konecny.
9:26 of 3rd period - Goal by Travis Konecny - Chicago Black Hawks : 1 - Vancouver Canucks : 3.
9:27 of 3rd period - Steven Stamkos wins face-off versus Aleksander Barkov in neutral zone.
9:44 of 3rd period - Wrist shot by Matt Duchene.
9:44 of 3rd period - Goal by Matt Duchene - Chicago Black Hawks : 2 - Vancouver Canucks : 3.
9:45 of 3rd period - Steven Stamkos wins face-off versus Aleksander Barkov in neutral zone.
9:52 of 3rd period - Wrist shot by Matthew Tkachuk.
9:52 of 3rd period - Stopped by Ville Husso without a rebound.
9:53 of 3rd period - Aleksander Barkov wins face-off versus Steven Stamkos in Vancouver Canucks zone.
10:23 of 3rd period - Slapshot by Miro Heiskanen.
10:23 of 3rd period - Stopped by Ilya Sorokin without a rebound.
10:24 of 3rd period - Bo Horvat wins face-off versus Anton Lundell in Chicago Black Hawks zone.
10:31 of 3rd period - Snap shot by Travis Konecny.
10:31 of 3rd period - Stopped by Ville Husso without a rebound.
10:32 of 3rd period - Anton Lundell wins face-off versus Bo Horvat in Vancouver Canucks zone.
10:57 of 3rd period - Slapshot by Brent Burns.
10:57 of 3rd period - Stopped by Ville Husso without a rebound.
10:58 of 3rd period - Aleksander Barkov wins face-off versus Steven Stamkos in Vancouver Canucks zone.
11:42 of 3rd period - Snap shot by Mikko Rantanen.
11:42 of 3rd period - Stopped by Ilya Sorokin without a rebound.
11:43 of 3rd period - Anton Lundell wins face-off versus Bo Horvat in Chicago Black Hawks zone.
11:46 of 3rd period - Snap shot by Anton Lundell.
11:46 of 3rd period - Shot Misses the Net.
11:48 of 3rd period - Snap shot by Artturi Lehkonen.
11:48 of 3rd period - Shot Misses the Net.
11:56 of 3rd period - Snap shot by Artturi Lehkonen.
11:56 of 3rd period - Shot Blocked by Travis Konecny.
11:58 of 3rd period - Wrist shot by Noah Hanifin.
11:58 of 3rd period - Shot Blocked by Mikhail Sergachev.
12:08 of 3rd period - Brent Burns is hit by Noah Hanifin and loses puck.
12:29 of 3rd period - Slapshot by Vladimir Tarasenko.
12:29 of 3rd period - Stopped by Ville Husso with a rebound.
12:31 of 3rd period - Snap shot by Phillip Danault.
12:31 of 3rd period - Shot Misses the Net.
12:33 of 3rd period - Slapshot by Brent Burns.
12:33 of 3rd period - Shot Misses the Net.
12:39 of 3rd period - Minor Penalty to Nathan Smith for Hooking.
12:40 of 3rd period - Mikko Rantanen wins face-off versus Steven Stamkos in Vancouver Canucks zone.
12:51 of 3rd period - Snap shot by Miro Heiskanen.
12:51 of 3rd period - Stopped by Ilya Sorokin with a rebound.
12:57 of 3rd period - Miro Heiskanen is hit by Matt Duchene.
13:11 of 3rd period - Off-side.
13:12 of 3rd period - Aleksander Barkov wins face-off versus Bo Horvat in neutral zone.
13:17 of 3rd period - Wrist shot by Aleksander Barkov.
13:17 of 3rd period - Stopped by Ilya Sorokin with a rebound.
13:19 of 3rd period - Wrist shot by Adam Boqvist.
13:19 of 3rd period - Stopped by Ilya Sorokin with a rebound.
13:21 of 3rd period - Wrist shot by Adam Boqvist.
13:21 of 3rd period - Stopped by Ilya Sorokin without a rebound.
13:22 of 3rd period - Mikko Rantanen wins face-off versus Vladimir Tarasenko in Chicago Black Hawks zone.
13:31 of 3rd period - Snap shot by Vladimir Tarasenko.
13:31 of 3rd period - Stopped by Ville Husso with a rebound.
13:45 of 3rd period - Minor Penalty to Nikita Zadorov for Interference.
13:46 of 3rd period - Clayton Keller wins face-off versus Steven Stamkos in Vancouver Canucks zone.
14:39 of 3rd period - Penalty to Nathan Smith is over, Nathan Smith is back on ice.
14:53 of 3rd period - Bo Horvat is hit by Miro Heiskanen.
14:57 of 3rd period - Seth Jones is hit by Mikko Rantanen and loses puck.
15:28 of 3rd period - Wrist shot by Aleksander Barkov.
15:28 of 3rd period - Goal by Aleksander Barkov - Chicago Black Hawks : 2 - Vancouver Canucks : 4.
15:29 of 3rd period - Steven Stamkos wins face-off versus Mikko Rantanen in neutral zone.
15:36 of 3rd period - Wrist shot by Matt Duchene.
15:36 of 3rd period - Shot Misses the Net.
15:38 of 3rd period - Snap shot by Vladimir Tarasenko.
15:38 of 3rd period - Chicago Black Hawks goal is going for a video replay.
15:38 of 3rd period - The goal is good.
15:38 of 3rd period - Goal by Vladimir Tarasenko - Chicago Black Hawks : 3 - Vancouver Canucks : 4.
15:39 of 3rd period - Phillip Danault wins face-off versus Aleksander Barkov in neutral zone.
16:04 of 3rd period - Bryan Rust is hit by Artturi Lehkonen and loses puck.
16:23 of 3rd period - Minor Penalty to Seth Jones for Holding.
16:24 of 3rd period - Pius Suter wins face-off versus Aleksander Barkov in Chicago Black Hawks zone.
16:31 of 3rd period - Slapshot by Lawson Crouse.
16:31 of 3rd period - Shot Misses the Net.
16:41 of 3rd period - Slapshot by Miro Heiskanen.
16:41 of 3rd period - Shot Blocked by Pius Suter.
17:39 of 3rd period - Kasperi Kapanen is hit by Devon Toews and loses puck.
18:23 of 3rd period - Penalty to Seth Jones is over, Seth Jones is back on ice.
18:46 of 3rd period - Artturi Lehkonen is hit by Matt Duchene and loses puck.
19:01 of 3rd period - Steven Stamkos is hit by Alex Formenton and loses puck.
19:10 of 3rd period - Chicago Black Hawks, Ilya Sorokin is pulled from the net.
19:54 of 3rd period - Snap shot by Steven Stamkos.
19:54 of 3rd period - Stopped by Ville Husso with a rebound.
19:56 of 3rd period - Wrist shot by Steven Stamkos.
19:56 of 3rd period - Shot Blocked by Noah Hanifin.
Goals for this period are 3 for Chicago Black Hawks vs 4 for Vancouver Canucks.
Shots for this period are 15 for Chicago Black Hawks vs 15 for Vancouver Canucks.
Back to the Top